Map: Terrasses de Prion

Players

mars - Winner!

  • Race: Terran Terran
  • League: Gold
  • Spawn Location: 5:00

zidar

  • Race: Zerg Zerg
  • League: Silver
  • Spawn Location: 11:00

VOD

Have the link to the VOD?

Description

Time

  • Played on: April 28, 2016, 1 p.m.
  • Length: 31:18
Show
View Real Time Build Order
Export as new Build Order

mars Terran - Winner!

Build Orders:  

Get SALT Encoding   

  12  0:01  SCV  
  13  0:14  Supply Depot  
  13  0:17  SCV  
  14  0:29  SCV  
  15  0:37  Barracks  
  15  0:42  SCV  
  16  0:47  Refinery  
  16  0:54  SCV  
  17  1:06  SCV  
  18  1:24  Orbital Command  
  18  1:27  Supply Depot  
  18  1:31  Marine  
  19  2:08  Factory  
  19  2:11  SCV  
  20  2:16  Command Center  
  20  2:23  Refinery, SCV  
  20  2:26  Marine  
  22  2:35  SCV  
  22  2:36  Bunker  
  23  2:43  Marine  
  24  2:47  SCV  
  25  2:54  Factory Tech Lab  
  25  3:03  Command Center  
  25  3:06  SCV  
  26  3:18  SCV  
  26  3:19  Siege Tank  
  30  3:29  Barracks Tech Lab  
  30  3:32  Bunker  
  30  3:40  SCV  
  31  3:46  SCV  
  32  3:52  SCV  
  32  3:55  Engineering Bay  
  33  3:58  SCV  
  34  4:03  Marauder  
  34  4:04  Concussive Shells, SCV  
  37  4:10  SCV  
  38  4:23  SCV  
  39  4:31  Starport  
  39  4:33  Starport  
  34  4:43  Planetary Fortress  
  34  4:48  Stimpack  
  34  4:54  Marauder  
  36  5:05  Liberator, SCV x2  
  38  5:15  Marauder  
  38  5:17  SCV x2  
  45  5:34  Refinery  
  45  5:37  Marauder  
  45  5:38  Refinery  
  45  5:40  SCV  
  45  5:41  SCV  
  49  5:45  SCV  
  49  5:47  Liberator  
  49  5:48  Refinery  
  48  5:51  Refinery  
  48  5:52  SCV  
  48  5:53  SCV  
  45  5:57  SCV  
  45  5:58  Marauder  
  47  6:04  SCV  
  47  6:05  SCV  
  47  6:09  SCV  
  53  6:16  SCV  
  53  6:17  SCV  
  55  6:21  SCV  
  56  6:28  SCV  
  56  6:29  Command Center, SCV  
  58  6:33  SCV  
  58  6:39  Missile Turret  
  59  6:40  Missile Turret, SCV  
  59  6:41  SCV  
  61  7:12  Planetary Fortress  
  61  7:24  Liberator  
  61  7:26  Missile Turret  
  61  7:35  Missile Turret  
  61  7:38  Missile Turret  
  61  7:41  SCV x2, Siege Tank  
  69  7:45  Missile Turret  
  69  7:49  Planetary Fortress  
  69  7:50  Command Center  
  69  7:51  Liberator  
  69  7:53  SCV x2  
  69  7:55  Missile Turret  
  71  8:05  SCV x2  
  73  8:06  Missile Turret  
  76  8:17  Supply Depot  
  76  8:22  Liberator  
  76  8:31  Missile Turret  
  76  8:39  SCV x2, Siege Tank  
  84  8:48  Command Center  
  84  8:57  Bunker  
  84  9:01  SCV x4  
  88  9:06  Neosteel Armor  
  88  9:11  Siege Tank  
  88  9:13  SCV x4  
  88  9:14  Supply Depot  
  95  9:18  Missile Turret  
  95  9:19  Missile Turret  
  95  9:24  Missile Turret  
  95  9:25  SCV x4  
  99  9:38  SCV x4  
  103  9:40  Missile Turret  
  103  9:41  Liberator  
  103  9:43  Liberator  
  103  9:44  Planetary Fortress  
  103  9:50  SCV  
  107  10:04  SCV  
  107  10:05  SCV x3  
  114  10:16  SCV  
  114  10:17  SCV  
  116  10:24  Liberator  
  116  10:25  Liberator  
  117  10:55  Missile Turret x2  
  117  10:56  Refinery  
  117  11:00  Command Center  
  117  11:13  SCV  
  117  11:14  SCV x4  
  117  11:15  Missile Turret  
  122  11:32  Armory, Command Center  
  122  11:33  Armory  
  122  11:35  Ghost Academy  
  122  11:39  Armory  
  122  11:52  Planetary Fortress, Command Center  
  122  11:54  Liberator x2  
  122  12:02  Missile Turret  
  122  12:05  Missile Turret  
  122  12:06  Ghost Academy  
  122  12:11  SCV x5  
  133  12:21  Command Center  
  133  12:23  SCV x4  
  133  12:29  Refinery  
  137  12:30  Planetary Fortress  
  137  12:36  Ghost Academy  
  137  12:37  Liberator  
  137  12:43  SCV x2  
  137  12:44  SCV x4  
  143  12:47  Personal Cloaking  
  143  12:48  Nuke  
  143  12:56  SCV x6  
  143  12:57  Terran Ship Weapons Level 1  
  143  12:58  Terran Vehicle Weapons Level 1, Terran Vehicle And Ship Armor Level 1  
  152  13:08  Nuke, SCV x6  
  158  13:20  Command Center, SCV x6  
  158  13:22  Ghost Academy  
  164  13:30  SCV x2  
  164  13:32  SCV  
  164  13:33  SCV x5  
  172  13:35  Refinery  
  172  13:42  SCV x2  
  172  13:44  SCV  
  172  13:45  SCV x3  
  172  13:46  Refinery  
  178  13:48  Refinery  
  178  13:54  Missile Turret x3  
  178  13:55  Missile Turret  
  122  14:22  Liberator x2  
  108  14:49  Command Center  
  108  14:51  Command Center  
  108  14:52  Command Center  
  108  14:57  SCV  
  108  14:59  Starport  
  109  15:00  Starport  
  109  15:05  Liberator x2  
  106  15:09  SCV  
  99  15:21  SCV  
  93  15:33  SCV  
  89  15:45  SCV  
  89  15:48  Liberator x2  
  90  15:53  Refinery  
  90  15:55  Refinery, SCV  
  91  15:58  Liberator  
  91  15:59  Liberator  
  91  16:04  Planetary Fortress  
  91  16:07  SCV  
  104  16:19  SCV  
  104  16:21  Planetary Fortress  
  105  16:31  Liberator x2, SCV  
  101  16:41  Liberator x2  
  101  16:44  SCV  
  104  17:13  Liberator  
  104  17:14  Liberator  
  101  17:24  Liberator x2  
  104  17:40  Planetary Fortress  
  102  17:56  Liberator x2  
  97  18:09  Liberator  
  97  18:10  Liberator  
  97  18:12  Supply Depot  
  106  18:30  Nuke  
  106  18:31  Nuke  
  106  18:33  Ghost  
  111  18:38  Planetary Fortress  
  111  18:39  Liberator x2  
  111  18:44  Refinery  
  111  18:45  Planetary Fortress, Refinery  
  111  18:52  Liberator x2  
  111  18:55  Bunker  
  111  18:56  Bunker  
  111  19:01  Ghost  
  119  19:06  Refinery  
  122  19:13  SCV  
  126  19:21  Terran Ship Weapons Level 2  
  126  19:22  Liberator  
  126  19:23  Terran Vehicle Weapons Level 2  
  126  19:25  SCV  
  126  19:30  Ghost  
  129  19:37  SCV  
  130  19:45  Starport Tech Lab  
  131  19:49  SCV  
  132  19:58  Ghost  
  134  20:01  SCV  
  123  20:27  Ghost  
  101  21:08  SCV x3  
  104  21:17  Liberator x3  
  104  21:20  SCV x3  
  107  21:27  Nuke  
  107  21:28  Nuke x3  
  107  21:32  SCV x2, Banshee  
  112  21:33  SCV  
  112  21:39  Cloaking Field  
  122  21:44  SCV  
  123  21:51  Planetary Fortress  
  123  21:59  Liberator  
  123  22:00  Liberator  
  123  22:10  Command Center  
  123  22:15  Banshee  
  122  22:34  Command Center x2  
  122  22:45  Orbital Command  
  122  23:00  Banshee  
  122  23:04  Liberator x3  
  129  23:43  Banshee  
  129  23:47  Liberator x3  
  141  24:22  Refinery  
  141  24:23  Planetary Fortress, Refinery  
  141  24:26  Banshee  
  141  24:29  SCV  
  145  24:41  SCV  
  145  24:44  Nuke x3  
  145  24:45  Nuke  
  146  24:53  SCV  
  147  25:05  SCV  
  148  25:14  Terran Ship Weapons Level 3  
  148  25:15  Terran Vehicle Weapons Level 3, Terran Vehicle And Ship Armor Level 2  
  148  25:16  Fusion Core  
  148  25:17  SCV  
  149  25:25  Command Center  
  143  25:29  SCV  
  143  25:31  Command Center  
  144  25:41  SCV  
  145  25:42  Refinery  
  145  25:44  Refinery, Ghost  
  145  25:48  Starport Tech Lab  
  145  25:49  Starport Tech Lab x2  
  147  25:53  SCV  
  147  25:54  Explosive Shrapnel Shells  
  148  25:57  Terran Infantry Armor Level 1  
  148  26:02  Planetary Fortress  
  148  26:05  SCV  
  148  26:06  Planetary Fortress  
  149  26:13  Ghost  
  149  26:17  SCV  
  152  26:30  Command Center x2  
  152  26:32  Command Center  
  147  26:39  Command Center  
  146  26:41  Ghost  
  146  26:45  Hyperflight Rotors  
  148  27:03  Banshee  
  148  27:04  Banshee x3  
  160  27:10  Ghost  
  153  27:38  Ghost  
  153  27:40  SCV x2  
  157  27:46  SCV, Banshee x2  
  157  27:47  Banshee x2  
  170  27:51  Planetary Fortress, Terran Infantry Weapons Level 1  
  170  27:52  Planetary Fortress x2, SCV x2  
  173  27:58  SCV  
  173  28:00  Missile Turret  
  173  28:04  SCV  
  173  28:05  SCV  
  175  28:10  SCV  
  176  28:16  SCV  
  176  28:17  SCV  
  177  28:20  Missile Turret  
  177  28:22  SCV  
  176  28:29  SCV x2, Banshee x4  
  190  28:34  SCV  
  190  28:41  Missile Turret  
  191  29:02  Missile Turret  
  191  29:12  Banshee  
  188  29:45  Hi-Sec Auto Tracking  
Show
View Real Time Build Order
Export as new Build Order

zidar Zerg 

Build Orders: Hatch First, Muta Ling Bane 

Get SALT Encoding   

  12  0:02  Drone  
  13  0:12  Overlord  
  13  0:17  Drone  
  14  0:30  Drone x2  
  14  0:35  Drone  
  17  0:57  Drone  
  17  0:58  Hatchery  
  17  1:19  Spawning Pool, Drone x2  
  17  1:25  Overlord  
  18  1:35  Drone  
  19  1:43  Extractor, Drone  
  18  2:04  Drone x2  
  24  2:30  Drone x4  
  24  2:34  Queen  
  24  2:36  Queen  
  28  2:39  Zergling x4  
  30  2:51  Zergling x2  
  30  2:52  Zergling x2  
  30  2:57  Metabolic Boost  
  32  3:06  Drone x2  
  32  3:07  Drone  
  35  3:20  Overlord  
  35  3:21  Overlord x2  
  35  3:25  Drone  
  36  3:44  Evolution Chamber  
  36  3:46  Baneling Nest  
  34  3:50  Extractor, Drone x9  
  42  4:15  Zerg Melee Weapons Level 1  
  42  4:29  Lair  
  42  5:03  Drone x2  
  42  5:04  Extractor  
  42  5:05  Extractor  
  42  5:17  Pneumatized Carapace  
  42  5:27  Centrifical Hooks  
  42  5:35  Drone x2  
  44  5:36  Drone  
  44  5:39  Drone x3  
  44  6:07  Evolution Chamber  
  44  6:09  Zergling x34  
  60  6:25  Hatchery  
  60  6:29  Zergling x2  
  60  6:31  Baneling  
  60  6:32  Baneling x8  
  60  6:34  Overlord x6  
  60  6:38  Hatchery  
  59  6:47  Zerg Ground Armor Level 1  
  59  6:48  Zerg Melee Weapons Level 2  
  59  6:53  Infestation Pit  
  58  6:54  Drone  
  58  6:57  Drone  
  60  7:12  Spire  
  59  8:02  Queen  
  59  8:05  Drone x9  
  64  8:06  Drone x8  
  78  8:13  Hive  
  73  8:32  Extractor x2  
  73  8:33  Drone  
  73  8:34  Drone  
  73  8:40  Drone  
  74  8:42  Drone x3  
  77  8:51  Zerg Ground Armor Level 2  
  77  8:55  Zerg Flyer Weapons Level 1  
  77  8:57  Mutalisk x8  
  93  9:21  Drone x2  
  95  9:27  Zergling x32  
  111  10:29  Ultralisk Cavern, Zerg Melee Weapons Level 3  
  111  10:31  Adrenal Glands  
  110  11:00  Roach Warren  
  109  11:09  Overlord x5  
  109  11:10  Overlord x2  
  109  11:15  Zerg Ground Armor Level 3  
  109  11:18  Chitinous Plating  
  109  11:33  Ultralisk  
  109  11:34  Ultralisk x3  
  109  11:35  Ultralisk x3  
  151  11:44  Glial Reconstitution  
  151  11:48  Overlord x4  
  151  11:49  Overlord x5  
  151  12:15  Roach x12  
  175  12:28  Hatchery  
  175  12:29  Corruptor  
  174  12:30  Corruptor x2  
  174  12:31  Corruptor x3  
  174  12:35  Zergling x2  
  174  12:36  Zergling x12  
  193  12:39  Ravager  
  193  12:40  Ravager  
  193  12:43  Ravager  
  196  12:52  Ravager  
  197  13:11  Ravager x3  
  200  13:16  Zerg Flyer Weapons Level 2  
  116  14:51  Ultralisk x2  
  116  14:52  Ultralisk x2  
  139  14:54  Corruptor x2  
  139  14:55  Corruptor x3  
  110  15:42  Ultralisk x3  
  128  15:43  Ultralisk  
  134  16:05  Extractor  
  134  16:07  Extractor  
  132  16:16  Extractor  
  131  16:21  Extractor  
  130  16:26  Hatchery  
  58  18:08  Corruptor  
  58  18:09  Corruptor x3  
  58  18:10  Corruptor x3  
  58  18:12  Corruptor x2  
  72  18:13  Corruptor x4  
  72  18:14  Corruptor x2  
  72  18:15  Corruptor x3  
  72  18:16  Corruptor x2  
  72  18:18  Zergling x2  
  72  18:19  Zergling x8  
  103  18:49  Zergling x12  
  103  18:50  Zergling x12  
  115  19:14  Zergling x18  
  124  19:36  Zergling x2  
  124  19:37  Zergling x20  
  63  20:38  Ultralisk  
  63  20:39  Ultralisk x3  
  63  20:40  Ultralisk x2  
  97  20:48  Zergling x26  
  102  21:10  Extractor  
  101  21:14  Extractor  
  86  21:43  Overseer  
  86  21:45  Overseer  
  86  21:58  Roach x5  
  86  21:59  Roach x8  
  102  22:35  Ravager x2  
  104  22:41  Ravager  
  105  23:10  Ravager  
  105  23:11  Ravager  
  94  24:02  Ravager x3  
  88  24:49  Overseer  
  80  25:06  Drone  
  81  25:29  Hatchery  
  80  25:45  Mutalisk x7  
  94  26:52  Drone x13  
  94  26:53  Drone x3  
  110  27:40  Mutalisk x4  
  110  27:41  Mutalisk x5  
  128  28:13  Hatchery  
  127  28:36  Mutalisk x6  
  135  28:55  Spore Crawler  
  135  28:57  Spore Crawler  
  135  28:58  Spore Crawler  
  135  28:59  Spore Crawler  
  135  29:00  Spore Crawler x2  
  135  29:02  Spore Crawler x4  
  32  29:25  Ultralisk  
  32  29:26  Ultralisk  
  44  29:50  Ultralisk  
  50  30:12  Spawning Pool  
  47  30:46  Overlord  
  47  30:47  Overlord x2  
Tags
 
Add a new tag
Caveats
  • Supply blocks, unpowered buildings, or Contaminate may cause inaccurate times.
  • Supply counts are checked every 10 seconds.